Map: [ESL] NeoHumanity

Players

Elazer - Winner!

  • Race: Zerg Zerg
  • Spawn Location: 11:00

Kelazhur

  • Race: Terran Terran
  • Spawn Location: 5:00

Event: ESL SC2 Masters 2023 Summer (Finals)

VOD

Have the link to the VOD?

Description

Time

  • Played on: June 17, 2023, 7:51 a.m.
  • Length: 10:53

All games in this series

Show
View Real Time Build Order
Export as new Build Order

Elazer Zerg - Winner!

Build Orders: Hatch First 

Get SALT Encoding   

  12  0:00  Drone  
  13  0:12  Overlord  
  13  0:17  Drone  
  14  0:30  Drone x2  
  16  0:47  Hatchery  
  15  0:51  Drone  
  15  0:54  Drone  
  17  0:57  Drone  
  18  1:08  Extractor  
  17  1:13  Spawning Pool  
  17  1:16  Drone  
  17  1:20  Drone  
  18  1:27  Drone  
  19  1:38  Drone  
  20  1:48  Drone  
  21  1:59  Queen x2  
  25  2:02  Zergling x4  
  27  2:10  Overlord, Zergling x2  
  27  2:12  Metabolic Boost  
  27  2:28  Hatchery  
  26  2:30  Drone  
  26  2:33  Drone  
  26  2:35  Drone  
  29  2:41  Drone  
  30  2:48  Queen  
  32  2:53  Overlord  
  32  2:57  Drone x2  
  33  3:02  Drone  
  34  3:06  Drone x2  
  36  3:13  Overlord  
  36  3:14  Drone x2  
  36  3:18  Queen  
  40  3:21  Drone  
  40  3:22  Drone  
  42  3:27  Queen  
  42  3:33  Drone  
  45  3:35  Drone  
  45  3:39  Drone  
  45  3:40  Drone x3  
  50  3:44  Queen  
  50  3:47  Drone  
  53  3:49  Overlord  
  53  3:52  Drone  
  54  3:57  Queen  
  54  3:59  Overlord  
  54  4:01  Drone x2  
  58  4:08  Drone x4  
  62  4:18  Drone x4  
  62  4:23  Overlord  
  66  4:25  Queen  
  66  4:26  Drone x4  
  66  4:28  Drone x2  
  74  4:40  Overlord, Roach Warren  
  74  4:41  Queen  
  74  4:42  Lair  
  74  4:45  Extractor  
  73  4:47  Extractor  
  73  4:49  Zergling x12  
  78  4:58  Drone x3  
  78  4:59  Drone x2  
  83  5:06  Overlord x3  
  83  5:13  Overlord  
  83  5:14  Overlord  
  83  5:24  Zergling x14  
  83  5:31  Drone x4  
  84  5:36  Overlord  
  84  5:44  Glial Reconstitution  
  84  5:45  Roach  
  84  5:46  Roach x4  
  94  5:55  Roach  
  94  5:56  Roach x7  
  110  5:57  Overlord  
  110  6:05  Overlord  
  110  6:17  Roach, Hatchery  
  110  6:18  Roach x6  
  123  6:27  Roach x3  
  125  6:36  Roach x4  
  132  6:43  Roach x4  
  134  6:53  Roach x3  
  140  6:59  Roach x2  
  137  7:04  Roach x2  
  137  7:07  Zergling x12  
  142  7:14  Zergling x2  
  137  7:19  Zergling x8  
  139  7:25  Zergling x4  
  141  7:32  Zergling x12  
  147  7:37  Zergling x2  
  147  7:38  Zergling x6  
  141  7:46  Zergling x6  
  129  7:51  Baneling Nest  
  129  7:53  Burrow  
  129  7:55  Tunneling Claws  
  116  7:59  Drone x7  
  104  8:12  Roach x6  
  118  8:20  Roach x4  
  118  8:23  Hatchery  
  118  8:24  Roach  
  113  8:33  Drone  
  113  8:34  Extractor, Drone x5  
  113  8:35  Ravager  
  113  8:36  Centrifugal Hooks, Zergling x14  
  120  8:44  Roach  
  120  8:45  Roach x2  
  122  8:53  Roach x12  
  119  8:56  Drone x11  
  119  9:02  Drone x7  
  131  9:09  Roach  
  137  9:10  Roach x2  
  137  9:13  Roach  
  139  9:22  Roach x5  
  139  9:23  Roach x5  
  137  9:24  Roach x2, Drone x8  
  137  9:28  Roach x2  
  141  9:34  Roach x6  
  141  9:35  Roach  
  155  9:49  Roach  
  155  9:50  Zergling x2  
  157  9:54  Roach x5  
  157  9:57  Roach x4  
  157  9:58  Roach x2  
  157  10:06  Roach x9  
  158  10:07  Roach  
  158  10:12  Roach x6  
  152  10:16  Zergling x16  
  152  10:17  Roach x2  
  152  10:18  Roach x3  
  158  10:25  Zergling x4  
  158  10:27  Overlord x3  
  155  10:29  Evolution Chamber  
  155  10:30  Roach x3  
  150  10:36  Drone x8  
  158  10:46  Ravager x2  
  158  10:49  Ravager x3  
Show
View Real Time Build Order
Export as new Build Order

Kelazhur Terran 

Build Orders: 2 Factory, Reaper Expand, Mech 

Get SALT Encoding   

  12  0:00  SCV  
  13  0:12  SCV  
  14  0:16  Supply Depot  
  14  0:24  SCV  
  15  0:38  SCV  
  15  0:39  Barracks  
  15  0:42  Refinery  
  16  0:50  SCV  
  17  1:02  SCV  
  18  1:14  SCV  
  19  1:26  Orbital Command, Reaper  
  20  1:38  Command Center  
  20  1:47  Supply Depot  
  20  1:52  SCV  
  21  1:58  Marine  
  22  2:04  SCV  
  23  2:08  Factory  
  23  2:17  SCV  
  23  2:19  Barracks Reactor  
  24  2:29  SCV  
  25  2:39  Command Center  
  25  2:41  SCV  
  26  2:54  SCV, Refinery  
  27  2:59  Orbital Command  
  29  3:06  Hellion, SCV  
  29  3:10  Hellion  
  32  3:16  Factory  
  32  3:19  SCV  
  33  3:20  Barracks Tech Lab  
  33  3:25  SCV  
  34  3:30  Hellion  
  34  3:32  Hellion  
  38  3:35  SCV  
  39  3:44  Factory  
  39  3:46  SCV  
  39  3:47  SCV  
  41  3:51  Orbital Command  
  41  3:54  Barracks Tech Lab  
  41  3:58  Hellion, SCV  
  41  4:01  Hellion  
  46  4:05  SCV  
  47  4:10  SCV  
  47  4:12  Cyclone  
  51  4:17  SCV  
  51  4:21  SCV  
  51  4:22  Supply Depot  
  51  4:23  SCV  
  54  4:25  Hellion  
  54  4:29  SCV  
  57  4:33  SCV  
  57  4:36  Cyclone  
  61  4:43  SCV x2  
  61  4:44  Mag-Field Accelerator  
  61  4:45  SCV, Hellion  
  65  4:52  Cyclone, Supply Depot  
  68  4:55  SCV, Refinery x2  
  69  5:07  Supply Depot  
  69  5:11  Orbital Command  
  69  5:14  SCV, Cyclone, Supply Depot, Hellion x2  
  77  5:24  SCV  
  77  5:28  SCV  
  76  5:31  Cyclone  
  74  5:36  SCV  
  74  5:37  Hellion x2  
  74  5:40  SCV x2  
  79  5:48  SCV  
  80  5:52  SCV x2, Cyclone  
  83  5:57  Supply Depot  
  83  6:00  SCV  
  83  6:01  Infernal Pre-Igniter  
  83  6:03  Hellion x2  
  88  6:04  SCV  
  88  6:05  SCV  
  88  6:10  Factory  
  90  6:11  Factory  
  90  6:13  SCV  
  90  6:16  SCV  
  92  6:21  SCV  
  92  6:24  Siege Tank  
  92  6:25  Hellion x2  
  100  6:27  SCV  
  101  6:33  SCV  
  101  6:35  Supply Depot x2  
  101  6:37  Engineering Bay  
  101  6:49  Refinery  
  101  6:50  Refinery  
  101  6:52  Supply Depot  
  101  6:56  SCV x3, Siege Tank  
  102  7:02  Factory Tech Lab, Siege Tank  
  102  7:03  Factory Reactor  
  105  7:08  SCV x3  
  105  7:12  Hellion x2  
  112  7:19  Armory  
  112  7:20  Armory, SCV x3  
  112  7:23  Supply Depot  
  112  7:28  Siege Tank  
  111  7:32  SCV  
  111  7:33  SCV x2, Hellion x2  
  111  7:34  Siege Tank  
  96  7:45  SCV x2, Hellion  
  79  7:54  Siege Tank  
  79  7:57  SCV x2  
  79  7:59  Orbital Command  
  73  8:09  SCV x2  
  75  8:21  SCV x2  
  77  8:28  SCV  
  77  8:33  SCV x2  
  80  8:40  SCV  
  81  8:42  Hellion  
  81  8:43  Hellion  
  81  8:44  Cyclone  
  81  8:45  SCV, Cyclone x2  
  95  8:50  SCV  
  95  8:52  SCV  
  97  8:57  Hellion x2  
  97  8:59  SCV  
  97  9:02  SCV  
  95  9:04  SCV  
  96  9:11  SCV  
  96  9:15  SCV  
  96  9:16  SCV  
  99  9:23  SCV  
  100  9:24  Cyclone  
  100  9:28  SCV  
  99  9:35  Hellion  
  99  9:36  Hellion x2  
  99  9:37  SCV x2  
  100  9:38  Command Center  
  100  9:40  SCV  
  93  9:49  SCV x2, Cyclone  
  93  9:50  Cyclone  
  82  9:56  SCV  
  74  10:01  SCV  
  74  10:02  Cyclone  
  75  10:08  SCV x2  
  75  10:13  SCV  
  69  10:20  SCV x2  
  65  10:28  SCV  
  64  10:32  SCV  
  64  10:33  SCV  
Tags
 
Add a new tag
Caveats
  • Supply blocks, unpowered buildings, or Contaminate may cause inaccurate times.
  • Supply counts are checked every 10 seconds.